 Dungeon Crawl Stone Soup version 0.16.1-18-g436b03c (webtiles) character file.

88 Chiseanne the Sneak (level 4, -2/22 HPs)
             Began as a Spriggan Wanderer on May 15, 2015.
             Killed from afar by an orc wizard (9 damage)
             ... with a puff of flame
             ... on level 3 of the Dungeon.
             The game lasted 00:05:55 (1932 turns).

Chiseanne the Sneak (Spriggan Wanderer)             Turns: 1932, Time: 00:05:55

Health: -2/22      AC:  4    Str:  9    XL:     4   Next: 29%
Magic:  8/8        EV: 17    Int: 11    God:
Gold:   92         SH:  0    Dex: 17    Spells: 0 memorised, 3 levels left

rFire  . . .     SeeInvis +     a - +2 falchion
rCold  . . .     Clarity  .     n - +0 robe
rNeg   . . .     SustAb   .     (shield restricted)
rPois  .         Gourm    .     (helmet restricted)
rElec  .         Spirit   .     o - +1 cloak
rCorr  .         Warding  .     (gloves unavailable)
rMut   .         Stasis   .     (boots unavailable)
MR     .....                    (no amulet)
Stlth  ++++......               (no ring)
                                (no ring)

@: very quick, not resistant to hostile enchantments, stealthy
A: unfitting armour, see invisible, herbivore 3, speed 3, slow metabolism 2
a: no special abilities


You were on level 3 of the Dungeon.
You were not hungry.

You visited 1 branch of the dungeon, and saw 3 of its levels.

You collected 92 gold pieces.

Inventory:

Hand weapons
 a - a +2 falchion (weapon)
 e - a +0 dagger
 i - a +0 rapier
Missiles
 d - 8 needles of confusion
 l - 5 arrows
 p - 18 poisoned needles
 r - 6 curare-tipped needles
Armour
 n - a +0 robe (worn)
 o - a +1 cloak (worn)
Jewellery
 q - an uncursed ring of fire
Scrolls
 b - a scroll of teleportation
 g - 2 scrolls of remove curse
 h - a scroll of enchant armour
Potions
 c - a potion of curing
 m - 2 potions of restore abilities
 s - 2 potions of heal wounds
 t - a potion of brilliance
Comestibles
 f - 2 bread rations
 j - a royal jelly


   Skills:
 - Level 1.0 Fighting
 * Level 1.5(2.1) Short Blades
 - Level 1.5(1.8) Long Blades
   Level 1.0 Maces & Flails
 - Level 2.1 Armour
 * Level 2.2 Dodging
 * Level 6.8 Stealth


You had 3 spell levels left.
You didn't know any spells.

Dungeon Overview and Level Annotations

Branches:
Dungeon (3/15)

Altars:
Dithmenos
Elyvilon

Annotations:
D:3 Bramblefist's ghost, average MiBe


Innate Abilities, Weirdness & Mutations

You are tiny and cannot use many weapons and most armour.
You have supernaturally acute eyesight.
You are a herbivore.
You cover ground extremely quickly.
You need consume almost no food.


Message History

Found 2 throwing nets.
An orc comes into view.
It is wielding a morningstar of holy wrath.
The orc shouts!
An orc comes into view. It is wielding a club.
An orc wizard comes into view. It is wielding a dagger.
The orc shouts!
The orc wizard shouts!
The orc wizard casts a spell.
The orc wizard seems to speed up.
You barely miss the orc. The orc closely misses you.
The orc closely misses you.
You barely miss the orc. The orc completely misses you.
You closely miss the orc wizard. The orc wizard casts a spell at you.
The magic dart hits you! The orc hits you but does no damage.
The orc wizard points at you and mumbles some strange words.
The magic dart hits you!
A rat comes into view.
The orc wizard casts a spell at you. The puff of flame hits you!
You die...

#..# #.############
######..###.######
#
#.......o.o......##
. #....o...........
# #.##.#####r##.##
##.# .# # #..# .#
#..# # #.@# #..#
..... ###....
##.... ##.... .#.##
.#.# #


You could see an orc wizard and an orc.

Vanquished Creatures
  4 adders (D:2)
  A giant mite (D:2)
  2 giant geckos
  An orc (D:3)
  A ball python (D:2)
  5 bats
  2 giant cockroaches
  2 goblins
  7 hobgoblins
  6 kobolds
  2 giant newts
  8 jackals
  7 rats
48 creatures vanquished.

Notes
Turn   | Place    | Note
--------------------------------------------------------------
     0 | D:1      | Chiseanne, the Spriggan Wanderer, began the quest for the Orb.
     0 | D:1      | Chiseanne set off with: a +2 falchion, a scroll of teleportation, a +0 mace, a +0 robe, a +0 dagger, a bread ration
     0 | D:1      | Reached XP level 1. HP: 10/10 MP: 2/2
   171 | D:1      | Reached skill level 5 in Stealth
   250 | D:1      | Reached XP level 2. HP: 11/14 MP: 4/4
   403 | D:1      | Reached skill level 1 in Short Blades
   801 | D:2      | Reached skill level 6 in Stealth
   801 | D:2      | Reached XP level 3. HP: 18/18 MP: 6/6
   804 | D:2      | Found a shadowy altar of Dithmenos.
   830 | D:2      | Reached skill level 1 in Dodging
  1089 | D:2      | Reached XP level 4. HP: 13/22 MP: 8/8
  1314 | D:2      | Found a white marble altar of Elyvilon.
  1914 | D:3      | Noticed Bramblefist's ghost (average MiBe)
  1932 | D:3      | Killed from afar by an orc wizard

Action                   |  1- 3 |  4- 6 || total
-------------------------+-------+-------++-------
Melee: Falchion          |    79 |    41 ||   120
  Use: Potion            |     1 |       ||     1
       Scroll            |       |     9 ||     9
 Stab: Sleeping          |     8 |     4 ||    12
       Distracted        |     1 |     1 ||     2
